 Dungeon Crawl Stone Soup version 0.30-a0-122-g2a1322497e (webtiles) character file.

Game seed: 18363945218374908995

436 Dreamer the Sneak (level 6, 0/32 HPs)
             Began as a Vampire Enchanter on Sept 16, 2022.
             Slain by a river rat (8 damage)
             ... summoned by Eustachio
             ... on level 4 of the Dungeon.
             The game lasted 00:11:11 (3882 turns).

Dreamer the Sneak (Vampire Enchanter)               Turns: 3882, Time: 00:11:11

Health: 0/32       AC:  7    Str:  7    XL:     6   Next: 68%
Magic:  1/10       EV: 14    Int: 18    God:
Gold:   111        SH:  0    Dex: 22    Spells: 0/11 levels left

rFire   . . .      SeeInvis +    h - +3 dagger (vamp)
rCold   + + .      Faith    .    (no shield)
rNeg    + + +      Spirit   .    b - +0 robe
rPois   ∞          Reflect  .    a - +0 helmet
rElec   .          Harm     .    t - +2 cloak {rCorr}
rCorr   +          Rampage  .    f - +0 pair of gloves
Will    .....                    (no boots)
Stlth   ++++++....               (no amulet)
HPRegen 0.00/turn                l - +6 ring of dexterity
MPRegen 0.12/turn                (no ring)

@: bloodless, inhibited regen, invisible
A: bloodless, fangs 3, see invisible, vampiric 2
a: Bat Form, Revivify


You were on level 4 of the Dungeon.
You visited 1 branch of the dungeon, and saw 5 of its levels.

You collected 111 gold pieces.

Inventory:

Hand Weapons
 h - a +3 vampiric dagger (weapon)
 m - a +2 dagger of venom
Armour
 a - a +0 helmet (worn)
 b - a +0 robe (worn)
 f - a +0 pair of gloves (worn)
 t - a +2 cloak of preservation (worn)
Jewellery
 l - a +6 ring of dexterity (left hand)
Scrolls
 d - 7 scrolls of identify {unknown}
 k - a scroll of noise {unknown}
 n - 2 scrolls of teleportation {unknown}
 q - 2 scrolls of amnesia {unknown}
 r - a scroll of fog {unknown}
 u - a scroll of fear {unknown}
 v - a scroll of poison {unknown}
Potions
 c - a potion of invisibility
 e - 5 potions of attraction {unknown}
 g - a potion of might {unknown}
 i - 5 potions of mutation {unknown}
 j - a potion of lignification {unknown}
 o - a potion of heal wounds {unknown}
 p - a potion of cancellation {unknown}
 s - a potion of flight {unknown}


   Skills:
 + Level 3.3 Short Blades
 + Level 3.8 Dodging
 * Level 7.6 Stealth
 + Level 3.1 Spellcasting
 + Level 5.9 Hexes


You couldn't memorise any spells.
You knew the following spells:

 Your Spells              Type           Power      Damage    Failure   Level
a - Ensorcelled Hibernat  Hex/Ice        26%        N/A       8%          2
b - Confusing Touch       Hex            24%        N/A       4%          3
c - Tukima's Dance        Hex            24%        N/A       4%          3
d - Dazzling Flash        Conj/Hex       26%        N/A       14%         3

Your spell library contained the following spells:

 Spells                   Type           Power      Damage    Failure   Level
 Slow                     Hex            96%        N/A       1%          1
 Apportation              Tloc           4%         N/A       16%         1
 Necrotise                Necr           8%         1d4       16%         1
 Sandblast                Erth           4%         2d4       16%         1
 Summon Small Mammal      Summ           8%         N/A       16%         1
 Passwall                 Tmut/Erth      1%         N/A       24%         2
 Stone Arrow              Conj/Erth      4%         3d7       43%         3
 Vampiric Draining        Necr           2%         2d6       43%         3


Dungeon Overview and Level Annotations

Branches:
Dungeon (5/15)
 Temple: D:4-7

Altars:

Shops:
D:1 (

Annotations:
D:4 exclusion: orc priest, Eustachio


Innate Abilities, Weirdness & Mutations

You do not regenerate when monsters are visible.
You are frail without blood (-20% HP).
You can heal yourself when you bite living creatures.
You are immune to poison.
You have razor-sharp teeth.
You have supernaturally acute eyesight. (SInv)
You are afflicted with vampirism and can become a bat while bloodless.


Message History

Eustachio is lightly wounded.
Eustachio hits you but does no damage.
You barely miss Eustachio.
Eustachio is lightly wounded.
You hit Eustachio.
Eustachio is lightly wounded.
Eustachio closely misses you.
You hit Eustachio but do no damage. You bite Eustachio, but do no damage.
Eustachio is lightly wounded.
Eustachio hits you but does no damage.
Eustachio resists with some effort.
Eustachio hits you with a +0 rapier.
You barely miss Eustachio.
Eustachio is lightly wounded.
Eustachio hits you but does no damage.
You hit Eustachio but do no damage.
Eustachio is lightly wounded.
Eustachio hits you with a +0 rapier.
You closely miss Eustachio.
Eustachio is lightly wounded.
Eustachio hits you with a +0 rapier.
* * * LOW HITPOINT WARNING * * *
You closely miss Eustachio.
Eustachio is lightly wounded.
Eustachio hits you with a +0 rapier.
* * * LOW HITPOINT WARNING * * *
You barely miss Eustachio.
Eustachio is lightly wounded.
You closely miss Eustachio.
Eustachio is lightly wounded.
Eustachio hits you with a +0 rapier.
* * * LOW HITPOINT WARNING * * *
You fade into invisibility!
Eustachio gestures wildly while chanting.
You hit Eustachio but do no damage. Your bite misses Eustachio.
Eustachio is lightly wounded.
Eustachio closely misses you.
You hit Eustachio.
You feel better.
Eustachio is moderately wounded.
The river rat bites you!
You die...

.......#)...#.......# #...
##.....##...#.......# #..<
##.....##...#.......# #...
##..........#.......# #...
............#.......# #...
.......##...#.r.....#############
.......##...##>.................#
.......#.....#...@..............'
#########....#..@...............#
##.....##....'...r..............#
.#...........#..................#
.#...........#..................#
.#.....#######..................#
.#######.......#############.....
...............#.....#.....#.....
...............#.....#.....#.....
...............#.....#.....#.....


You could see Eustachio (unable to see you) and 2 river rats.

Vanquished Creatures
  2 ogres (D:4)
  A phantom (D:4)
  A jelly (D:4)
  Crazy Yiuf (D:3)
  Robin (D:3)
  4 adders
  A worm (D:2)
  5 dart slugs
  4 ball pythons
  7 bats
  3 endoplasms
  3 giant cockroaches
  10 goblins
  12 hobgoblins
  3 quokkas (D:1)
  9 kobolds
  8 rats
75 creatures vanquished.

Notes
Turn   | Place    | Note
-------+----------+-------------------------------------------
     0 | D:1      | Dreamer the Vampire Enchanter began the quest for the Orb.
     0 | D:1      | Reached XP level 1. HP: 13/13 MP: 3/3
    65 | D:1      | Reached XP level 2. HP: 5/15 MP: 5/5
   312 | D:1      | Learned a level 2 spell: Ensorcelled Hibernation
   341 | D:1      | Found a faded altar of an unknown god.
   452 | D:1      | Reached skill level 5 in Stealth
   859 | D:1      | Gained mutation: You are afflicted with vampirism and can
                  | become a bat while bloodless. [Vampire growth]
   859 | D:1      | Reached XP level 3. HP: 19/19 MP: 3/6
   864 | D:1      | Found Hehi's Antique Weapon Shop.
  1598 | D:2      | You fall into a shaft and drop 1 floor!
  1626 | D:3      | Found a runed translucent door.
  1627 | D:3      | Noticed Crazy Yiuf
  1741 | D:3      | Noticed Robin
  1847 | D:2      | Reached skill level 5 in Hexes
  2088 | D:2      | Reached XP level 4. HP: 24/24 MP: 7/7
  2650 | D:3      | Killed Robin
  2662 | D:3      | Reached skill level 6 in Stealth
  3078 | D:3      | Killed Crazy Yiuf
  3079 | D:3      | Reached XP level 5. HP: 28/28 MP: 8/8
  3388 | D:4      | Noticed an ogre
  3393 | D:4      | Killed an ogre
  3465 | D:4      | Noticed an ogre
  3472 | D:4      | Killed an ogre
  3473 | D:4      | Reached skill level 7 in Stealth
  3473 | D:4      | Reached XP level 6. HP: 32/32 MP: 10/10
  3652 | D:4      | Learned a level 3 spell: Confusing Touch
  3657 | D:4      | Learned a level 3 spell: Tukima's Dance
  3669 | D:4      | Learned a level 3 spell: Dazzling Flash
  3845 | D:5      | Entered Level 5 of the Dungeon
  3847 | D:5      | Noticed Eustachio
  3882 | D:4      | Slain by a river rat

Illustrated notes

Levels and vault maps discovered:
D:1:      psy_arrival_statuary, layout_basic,
          dreamdust_ecumenical_altar_hidden_monk_grotto, serial_shops, shop,
          hangedman_feature_mirror
D:2:      minmay_chambers_of_ones, layout_rooms
D:3:      layout_basic, uniq_crazy_yiuf_cottage, uniq_robin
D:4:      layout_gridville
D:5:      layout_basic, cheibrodos_sewer_entry_bend, serial_shops,
          nicolae_shop_bloodbath_and_beyond, uniq_eustachio

Skill      XL: |  1  2  3  4  5  6 |
---------------+-------------------+-----
Stealth        | 5 6 7 |  7.6
Short Blades   | 2 3 |  3.3
Hexes          | 5 |  5.9
Dodging        | 3 |  3.8
Spellcasting   | 3 |  3.1

Action                   |  1- 3 |  4- 6 || total
-------------------------+-------+-------++-------
Melee: Dagger            |    93 |    76 ||   169
       Bite              |    12 |     8 ||    20
       Punch             |       |     1 ||     1
 Cast: Ensorcelled Hiber |    14 |     9 ||    23
 Abil: Exsanguinate      |     1 |       ||     1
  Use: Potion            |       |     1 ||     1
 Stab: Sleeping          |    24 |    16 ||    40
Armor: Robe              |    17 |    17 ||    34
Dodge: Dodged            |    44 |    42 ||    86

Table legend: (Time is in decaauts)
 A = Elapsed time spent in this place.
 B = Non-inter-level travel time spent in this place.
 C = Inter-level travel time spent in this place.
 D = Time resting spent in this place.
 E = Time spent auto-exploring this place.
 F = Levels seen in this place.
 G = Mean time per level.
                   A        B        C        D        E       F      G
               +--------+--------+--------+--------+--------+-----+--------+
         Total |   3865 |   3759 |    106 |    739 |   2135 |   5 |  773.0 |
       Dungeon |   3865 |   3759 |    106 |    739 |   2135 |   5 |  773.0 |
               +--------+--------+--------+--------+--------+-----+--------+

Top non-repeatable levels by time:
     D:1: 1377 daAuts
     D:3: 974 daAuts
     D:2: 756 daAuts
     D:4: 738 daAuts
     D:5: 18 daAuts
